 Dungeon Crawl Stone Soup version 0.25.1-9-gc5326a611f (webtiles) character file.

Game seed: 14225442294892605544

3343 Tarrin the Cleaver (level 10, 0/70 HPs)
             Began as a Formicid Abyssal Knight on Dec 31, 2020.
             Was a Priest of Lugonu.
             Killed by divine providence
             ... invoked by an orc priest
              (11 damage)
             ... on level 8 of the Dungeon.
             The game lasted 00:50:47 (11094 turns).

Tarrin the Cleaver (Formicid Abyssal Knight)       Turns: 11094, Time: 00:50:47

Health: 0/70       AC:  8    Str: 20    XL:     10   Next: 22%
Magic:  12/16      EV:  7    Int: 12    God:    Lugonu [***...]
Gold:   295        SH:  0    Dex: 16    Spells: 9/9 levels left

rFire    . . .     SeeInvis +   F - +0 war axe
rCold    . . .     Gourm    .   (no shield)
rNeg     . . .     Faith    .   G - +0 chain mail
rPois    .         Spirit   .   (helmet unavailable)
rElec    .         Reflect  .   (no cloak)
rCorr    .         Harm     .   (no gloves)
MR       +....                  (no boots)
Stlth    ..........             (no amulet)
HPRegen  0.21/turn              s - +6 ring of dexterity
MPRegen  0.15/turn              l - ring of teleportation (curse)

@: no status effects
A: permanent stasis, dig shafts and tunnels, four strong arms, antennae 3
a: Dig, Shaft Self, Depart the Abyss, Bend Space, Banish, Renounce Religion


You were on level 8 of the Dungeon.
You worshipped Lugonu.
Lugonu was most pleased with you.
You were not hungry.

You visited 1 branch of the dungeon, and saw 8 of its levels.
You visited the Abyss 1 time.
You also visited: Sewer.

You collected 295 gold pieces.


Innate Abilities, Weirdness & Mutations

You cannot be hasted, slowed, berserked, paralysed or teleported.
You can dig through walls and to a lower floor.
Your four strong arms can wield two-handed weapons with a shield.
You have a pair of large antennae on your head. (SInv)


   Skills:
 - Level 3.2 Fighting
 * Level 12.1 Axes
 - Level 2.1 Armour
 - Level 0.8 Dodging
 - Level 8.0 Invocations


You had 9 spell levels left.
You didn't know any spells.
Your spell library contained the following spells:

 Spells                   Type           Power        Failure   Level  Hunger
 Corona                   Hex            #......      98%         1    ##.....
 Ensorcelled Hibernation  Hex/Ice        #.....       99%         2    ###....
 Confusing Touch          Hex            #.......     100%        3    ####...
 Dazzling Flash           Conj/Hex       #.....       100%        3    ####...
 Gell's Gravitas          Tloc           #.........   100%        3    ####...
 Tukima's Dance           Hex            #.......     100%        3    ####...
 Petrify                  Tmut/Erth      #.......     100%        4    #####..
 Metabolic Englaciation   Hex/Ice        #.........   100%        5    ######.
 Yara's Violent Unravell  Hex/Tmut       #.........   100%        5    ######.

Inventory:

Hand Weapons
 a - a +1 hand axe
 F - a +0 war axe (weapon)
Missiles
 b - 7 boomerangs
 f - 4 curare-tipped darts (quivered) {=f}
 i - 13 poisoned darts
 D - 2 throwing nets {=f}
Armour
 k - a +0 ring mail
 n - a +0 plate armour
 t - a +0 scale mail
 G - a +0 chain mail (worn)
Jewellery
 l - a cursed ring of teleportation (right hand)
 q - a +4 ring of protection {unknown}
 s - a +6 ring of dexterity (left hand)
 w - an uncursed ring of fire {unknown}
 E - an uncursed amulet of the acrobat {unknown}
Wands
 j - a wand of flame (10)
 u - a wand of acid (9)
Scrolls
 h - 3 scrolls of enchant armour
 m - 3 scrolls of remove curse {@r2}
 o - a scroll of random uselessness {unknown}
 p - 3 scrolls of teleportation {@r4}
 r - 2 scrolls of amnesia {unknown}
 v - 3 scrolls of fear
 x - 3 scrolls of fog
 y - a scroll of enchant weapon {unknown}
 C - 2 scrolls of blinking
Potions
 d - a potion of invisibility
 e - 7 potions of curing {@q1}
 g - a potion of haste {@q3}
 z - a potion of brilliance
 A - a potion of stabbing {unknown}
 B - 4 potions of heal wounds {@q2}
 I - a potion of flight {unknown}
 J - a potion of lignification {unknown}
Comestibles
 c - 12 rations {@e1}
 H - a chunk of flesh

Dungeon Overview and Level Annotations

Branches:
Dungeon (8/15)             Temple (0/1) D:7            Lair (0/6) D:8
  Sewer (visited)

Altars:
Fedhas
Kikubaaqudgha
Trog
Yredelemnul
Zin
The Shining One

Shops:
D:5 :

Annotations:
D:3 1 runed translucent door
D:5 2 transporters, Menkaure
D:7 1 runed translucent door, Crazy Yiuf
D:8 3 runed translucent doors, Cykl0x's ghost, novice FoFi; Destapler's ghost, novice DsAs; TangoThomas's ghost, novice DsFi; aaaaaaaaaaaaaaaaaa's ghost, novice TrMo; aloneDruid's ghost, novice MfGl
Abyss:1 Harold, Joseph, Pikel

##############################
.............................#
#...######÷...##############.#
#...# #....# #.# #...# #....#
#.# ##### #....# #.# ######
#.# ###############.#
#.)@†...<.......#
#.####..######### #.. ##.#
.o{. #§# .o... { #.# ...{.o.
{#h# ..o{... h$# .....>. ...#
...##


You could see an orc priest and an orc.


Message History

The orc priest shouts!
You hear a howl!
The orc wizard casts a spell.
The orc wizard flickers and vanishes for a moment.
The orc priest miscasts a cantrip.
The orc hits you with a +0 club.
* * * LOW HITPOINT WARNING * * *
Found a staircase to the Lair.
You take 6 damage, and have 17/70 hp.
You now have 11/16 mp.
The black bear bites you.
* * * LOW HITPOINT WARNING * * *
The black bear claws you but does no damage. x2
You take 6 damage, and have 11/70 hp.
You hit the black bear.
The black bear is heavily wounded.
The black bear barely misses you. The black bear claws you.
* * * LOW HITPOINT WARNING * * *
The black bear claws you but does no damage.
You take 1 damage, and have 10/70 hp.
You hit the black bear.
The black bear is severely wounded.
You hit the orc. The orc barely misses you.
You slash the black bear!
You kill the black bear!
Lugonu accepts your kill.
You slash the orc!
You kill the orc!
Lugonu accepts your kill.
The orc priest mumbles some strange prayers to Beogh against you.
Beogh smites you!
You die...

Skill      XL: |  1  2  3  4  5  6  7  8  9 10 |
---------------+-------------------------------+-----
Axes           | 3 4 5 6 8 9 11 12 | 12.1
Invocations    | 5 7 8 |  8.0
Fighting       | |  3.2
Armour         | |  2.1
Dodging        | |  0.8

Action                   |  1- 3 |  4- 6 |  7- 9 | 10-12 || total
-------------------------+-------+-------+-------+-------++-------
Melee: Hand axe          |    93 |    98 |   422 |       ||   613
       War axe           |       |       |    73 |    20 ||    93
Throw: Dart              |       |     2 |    13 |       ||    15
       Boomerang         |       |     1 |       |       ||     1
Invok: Bend Space        |       |       |     2 |     1 ||     3
       Banish            |       |       |     5 |     3 ||     8
 Abil: Dig               |       |       |     1 |       ||     1
  Use: Potion            |     2 |     2 |    10 |       ||    14
       Scroll            |       |     1 |     6 |       ||     7
 Stab: Invisible         |     1 |       |     3 |       ||     4
  Eat: Chunk             |     1 |     5 |    13 |     2 ||    21
       Ration            |       |     1 |     3 |       ||     4
Armor: Leather armour    |    18 |       |       |       ||    18
       Ring mail         |    12 |    11 |       |       ||    23
       Scale mail        |       |     7 |   156 |       ||   163
       Chain mail        |       |       |    29 |    12 ||    41
Dodge: Dodged            |    77 |    59 |   240 |     4 ||   380

Levels and vault maps discovered:
D:1:      roderic_octagonal_star, layout_loops_ring, skrybe_limestone_x
D:2:      layout_rooms, tso_metal_star
D:3:      cheibrodos_old_hovel, layout_basic, zin_treasury, fedhas_altar_1,
          first_ration, ebering_ghost_sewer_f, minmay_vboxes, uniq_terence
D:4:      layout_cave_pods
D:5:      layout_loops_ring, gammafunk_temple_of_torment, serial_shops,
          nicolae_shop_statue_plus, portal_sewer_entry_d,
          chequers_serial_rivers_micro_e, kennysheep_another_room,
          trog_three_pillars_becter
D:6:      layout_basic, kennysheep_nub
D:7:      layout_basic, minmay_temple_entry_hall, the_bakery, solitary_fountain,
          minmay_fountain_box, uniq_duvessa, uniq_crazy_yiuf_cottage,
          uniq_harold, uniq_joseph
D:8:      layout_basic, erik_lair_orcish_takeover, gammafunk_ghost_cemetery,
          uniq_pikel

Notes
Turn   | Place    | Note
-------+----------+-------------------------------------------
     0 | Abyss:1  | Tarrin the Formicid Abyssal Knight began the quest for the
                  | Orb.
     0 | Abyss:1  | Reached XP level 1. HP: 18/18 MP: 2/2
   147 | D:1      | You pass through the gate.
   147 | D:1      | Escaped the Abyss
   168 | D:1      | You fall into a shaft and drop 1 floor!
   178 | D:2      | Found a glowing golden altar of the Shining One.
   242 | D:1      | Reached XP level 2. HP: 23/24 MP: 3/3
   269 | D:1      | Reached skill level 3 in Axes
   446 | D:1      | Reached XP level 3. HP: 24/29 MP: 4/4
   993 | D:1      | Reached ** piety under Lugonu
  1355 | D:2      | You fall into a shaft and drop 1 floor!
  1536 | D:3      | Found a blossoming altar of Fedhas.
  1597 | D:3      | Reached skill level 4 in Axes
  1597 | D:3      | Reached XP level 4. HP: 25/35 MP: 5/5
  2102 | D:3      | Found a glowing silver altar of Zin.
  2147 | D:3      | Noticed Terence
  2157 | D:3      | Killed Terence
  2263 | D:3      | Found a runed translucent door.
  2266 | D:3      | Noticed grovkorv's ghost (amateur FoAK)
  2289 | D:3      | Reached XP level 5. HP: 41/41 MP: 6/6
  2333 | D:3      | Found a runed translucent door.
  2747 | D:3      | Killed grovkorv's ghost
  2747 | D:3      | Reached skill level 5 in Axes
  2747 | D:3      | Reached XP level 6. HP: 17/47 MP: 7/7
  3136 | D:4      | Reached skill level 6 in Axes
  3273 | D:4      | Noticed an ogre
  3476 | D:4      | Killed an ogre
  3476 | D:4      | Reached XP level 7. HP: 37/52 MP: 8/8
  3618 | D:4      | Reached skill level 7 in Axes
  4056 | D:4      | Reached *** piety under Lugonu
  4221 | D:5      | Entered Level 5 of the Dungeon
  4225 | D:5      | Found a bloodstained altar of Trog.
  4245 | D:5      | Found a transporter.
  4246 | D:5      | Found an ancient bone altar of Kikubaaqudgha.
  4251 | D:5      | Noticed Menkaure
  4258 | D:5      | Found a transporter.
  4425 | D:5      | Found a glowing drain.
  4436 | Sewer    | Entered a sewer
  4843 | Sewer    | Reached skill level 8 in Axes
  5018 | D:5      | Reached XP level 8. HP: 18/58 MP: 7/10
  5247 | D:5      | Found a basalt altar of Yredelemnul.
  5265 | D:5      | Found Edwaj's Book Emporium.
  5427 | D:5      | Reached skill level 3 in Invocations
  5719 | D:5      | You fall into a shaft and drop 2 floors!
  5759 | D:7      | Noticed Joseph
  6099 | D:8      | Reached **** piety under Lugonu
  6144 | D:8      | Reached skill level 9 in Axes
  6500 | D:8      | Reached skill level 4 in Invocations
  6586 | D:7      | Noticed Harold
  6953 | D:7      | Noticed Dowan
  6955 | D:7      | Noticed Duvessa
  6973 | D:7      | Identified a potion of resistance
  7014 | D:7      | Killed Duvessa
  7042 | D:7      | Killed Dowan
  7381 | D:6      | Reached skill level 5 in Invocations
  7632 | D:6      | Reached XP level 9. HP: 53/64 MP: 12/12
  7730 | D:6      | Reached skill level 10 in Axes
  9420 | D:7      | Found a runed translucent door.
  9421 | D:7      | Noticed Crazy Yiuf
  9530 | D:7      | Banished Harold
  9530 | D:7      | Reached skill level 6 in Invocations
  9629 | D:7      | Banished Joseph
  9629 | D:7      | Reached skill level 11 in Axes
  9780 | D:7      | Found a staircase to the Ecumenical Temple.
 10034 | D:7      | Reached skill level 7 in Invocations
 10422 | D:8      | Noticed Pikel
 10446 | D:8      | Banished Pikel
 10446 | D:8      | Reached XP level 10. HP: 31/70 MP: 15/15
 10710 | D:8      | Noticed a two-headed ogre
 10711 | D:8      | Banished a two-headed ogre
 10982 | D:8      | Found a runed translucent gate.
 10982 | D:8      | Found a runed translucent gate.
 10982 | D:8      | Found a runed translucent gate.
 10984 | D:8      | Noticed TangoThomas's ghost (novice DsFi)
 10984 | D:8      | Noticed Destapler's ghost (novice DsAs)
 10985 | D:8      | Noticed Cykl0x's ghost (novice FoFi)
 10986 | D:8      | Noticed aloneDruid's ghost (novice MfGl)
 10987 | D:8      | Noticed aaaaaaaaaaaaaaaaaa's ghost (novice TrMo)
 11081 | D:8      | Reached skill level 12 in Axes
 11081 | D:8      | Reached skill level 8 in Invocations
 11090 | D:8      | Found a staircase to the Lair.
 11094 | D:8      | Killed from afar by an orc priest

Vanquished Creatures
  Duvessa (D:7)
  2 sky beasts
  A black bear (D:8)
  An ogre (D:4)
  The ghost of grovkorv the Skirmisher, an amateur FoAK of Lugonu (D:3)
  A big kobold (Sewer)
  3 bullfrogs
  Dowan (D:7)
  4 scorpions
  5 killer bees (D:8)
  A quasit (D:8)
  A centaur skeleton (D:8)
  2 orc priests (D:6)
  2 hounds
  A gnoll shaman (D:7)
  3 orc wizards
  Terence (D:3)
  An iguana (D:4)
  A worker ant (D:8)
  A hound skeleton (D:7)
  A worker ant zombie (D:5)
  8 adders
  4 gnolls (D:7)
  2 shadow imps (D:6)
  An ooze (D:1)
  2 worms (D:3)
  2 leopard geckos
  17 orcs
  6 ball pythons
  7 bats
  12 giant cockroaches
  4 hobgoblins
  12 jackals
  4 quokkas
  11 frilled lizards
  4 goblins
  A jackal skeleton (D:4)
  18 kobolds
  A leopard gecko skeleton (D:5)
  A leopard gecko zombie (D:5)
  A quokka skeleton (D:4)
  5 rats
158 creatures vanquished.

Vanquished Creatures (others)
  A two-headed ogre (D:8)
  A spriggan (D:7)
  A hungry ghost (D:7)
  A warg (D:8)
  An ogre (D:7)
  A shadow imp (D:8)
  A plant (D:8)
7 creatures vanquished.

Grand Total: 165 creatures vanquished

Table legend:
 A = Turns spent in this place as a percentage of turns spent in the entire game.
 B = Non-inter-level travel turns spent in this place as a percentage of non-inter-level travel turns spent in the entire game.
 C = Inter-level travel turns spent in this place as a percentage of turns spent in this place.
 D = Turns resting spent in this place as a percentage of non-inter-level travel turns spent in this place.
 E = Turns spent auto-exploring this place as a percentage of non-inter-level travel turns spent in this place.
 F = Non-inter-level travel turns spent in this place divided by the number of levels of this place that you've seen.
                   A       B       C       D       E      F
               +-------+-------+-------+-------+-------+----------------------
         Total | 100.0 | 100.0 |   4.8 |  26.2 |  49.7 | 1055.7
       Dungeon |  94.3 |  94.0 |   5.1 |  27.0 |  51.0 | 1240.5
         Abyss |   1.3 |   1.4 |   0.0 |   0.0 |   0.0 | 147.0
         Sewer |   4.4 |   4.6 |   0.0 |  18.7 |  38.7 | 486.0
               +-------+-------+-------+-------+-------+----------------------

Table legend:
 A = Non-vault XP
 B = Vault XP
 C = Vault XP percentage of total XP
 D = Non-vault monster count
 E = Vault monster count
 F = Vault count percentage of total count
                 A         B        C        D         E       F
            +---------+---------+-------+---------+---------+-------
      Total |    2814 |    1963 |  41.1 |     123 |      43 |  25.9
            +---------+---------+-------+---------+---------+-------
        D:1 |      49 |       0 |   0.0 |      21 |       0 |   0.0
        D:2 |       7 |       0 |   0.0 |       4 |       0 |   0.0
        D:3 |      38 |     176 |  82.2 |      14 |      10 |  41.7
        D:4 |     375 |       0 |   0.0 |      13 |       0 |   0.0
        D:5 |     299 |      13 |   4.2 |      13 |       1 |   7.1
        D:6 |     488 |       0 |   0.0 |      23 |       0 |   0.0
        D:7 |     474 |    1080 |  69.5 |      20 |       5 |  20.0
        D:8 |    1084 |     549 |  33.6 |      15 |       3 |  16.7
      Sewer |       0 |     145 | 100.0 |       0 |      24 | 100.0
            +---------+---------+-------+---------+---------+-------
